Comets vs Checkers

Created - March 17, 2025 at 19:47

Goals
1 2 3 T
Comets 0 1 0 1
Checkers 1 1 0 2
Shots
1 2 3 T
Comets 14 9 8 31
Checkers 8 16 8 32

1st period

1. Checkers , Nathan Walker 32 (Ryan Pulock 24, Patrick Brown 42) at 0:08

Penalties :
Joonas Donskoi (Uti) for Roughing (Minor) at 12:57, Alexander Romanov (Cha) for Roughing (Minor) at 19:21

2nd period

2. Comets , Christian Wolanin 7 (Brett Seney 36, Joonas Donskoi 33) at 3:02
3. Checkers , Brendan Leipsic 10 (Mitchell Heard 15) at 10:54

Penalties :
Nathan Walker (Cha) for Slashing (Minor) at 18:31

3rd period

No Goal

Penalties :
Mitchell Heard (Cha) for Hooking (Minor) at 4:41, Conor Garland (Uti) for High sticking (Minor) at 14:17

Goalie Stats

Juuse Saros (Uti), 30 saves from 32 shots - (0.938), L, 23-13-4, 59:00 minutes
Brandon Halverson (Cha), 30 saves from 31 shots - (0.968), W, 3-0-0, 60:00 minutes

Players Stats for Comets

Player Name              G  A  P  +/- PIM S  H  SB GA TA FO     MP     PP MP  PK MP  
------------------------------------------------------------------------------------
Alex Turcotte            0  0  0   0  0   0  0  0  0  1  0/1     8:35   0:00   0:00 
Alexandre Texier         0  0  0   0  0   3  0  0  1  0  0/0    12:34   0:00   0:00 
Brett Howden             0  0  0   0  0   1  0  0  1  1  7/13   16:15   2:43   0:38 
Brett Seney              0  1  1  -1  0   2  0  2  1  0  14/29  21:28   3:14   1:53 
Christian Wolanin        1  0  1  -1  0   4  1  1  0  0  0/0    23:30   3:46   2:13 
Conor Garland            0  0  0   0  2   2  1  0  1  0  0/1    16:48   2:43   0:00 
David Kase               0  0  0   0  0   3  0  0  0  0  0/0     8:35   0:00   0:00 
Eeli Tolvanen            0  0  0   0  0   0  2  0  1  0  0/0    13:29   0:00   1:08 
Filip Roos               0  0  0   0  0   0  0  0  0  1  0/0     2:29   0:00   0:00 
Ilya Lyubushkin          0  0  0  -1  0   2  1  0  0  1  0/0    25:59   3:46   2:13 
Jake Bean                0  0  0   0  0   2  4  1  0  0  0/0    19:55   2:11   1:45 
John Hayden              0  0  0   0  0   3  2  0  1  0  4/4    13:07   0:00   0:52 
Joonas Donskoi           0  1  1  -1  2   5  1  1  0  0  0/0    18:23   3:14   0:00 
Marcus Bjork             0  0  0   0  0   1  1  1  0  0  0/0    14:06   0:00   0:00 
Mason Marchment          0  0  0   0  0   1  1  0  0  0  1/2    16:42   2:43   1:24 
Nicolas Roy              0  0  0   0  0   1  1  0  1  0  4/6     8:35   0:00   0:00 
Valeri Nichushkin        0  0  0  -1  0   0  0  1  0  0  2/4    21:29   3:14   2:01 
Vincent Desharnais       0  0  0   0  0   0  0  1  0  0  0/0    14:06   0:00   0:00 
Wyatt Kalynuk            0  0  0   0  0   1  0  2  0  1  0/0    19:55   2:11   1:45 

Players Stats for Checkers

Player Name              G  A  P  +/- PIM S  H  SB GA TA FO     MP     PP MP  PK MP  
------------------------------------------------------------------------------------
Alexander Romanov        0  0  0   1  2   1  0  1  0  0  0/0    16:04   0:00   0:04 
Austin Poganski          0  0  0   0  0   1  1  0  0  0  1/1    12:10   0:15   1:35 
Brendan Leipsic          1  0  1   0  0   1  0  0  0  0  0/0    11:11   0:00   1:24 
Dylan Gambrell           0  0  0   1  0   3  2  0  0  0  11/24  21:36   2:18   1:05 
Kieffer Bellows          0  0  0   0  0   0  2  0  0  0  1/1    15:18   1:40   0:00 
Matias Maccelli          0  0  0   0  0   4  0  0  0  0  0/3    15:18   1:40   0:00 
Michael Anderson         0  0  0  -1  0   1  2  1  0  0  0/0    18:31   1:21   2:25 
Mitchell Heard           0  1  1   0  2   2  2  0  2  1  5/12   13:00   0:00   2:49 
Moritz Seider            0  0  0  -1  0   1  0  0  0  0  0/0    17:26   1:21   0:00 
Nathan Walker            1  0  1   1  2   6  4  0  0  1  1/2    21:15   2:18   0:45 
Nick Abruzzese           0  0  0   0  0   3  1  0  1  1  5/10   16:00   1:40   0:50 
Patrick Brown            0  1  1   1  0   3  1  0  0  0  3/4    23:13   2:03   3:13 
Roberts Lipsbergs        0  0  0   0  0   1  0  0  0  1  0/1     8:26   0:00   0:10 
Ryan Pulock              0  1  1   1  0   0  1  0  2  1  0/0    24:35   2:37   3:28 
Shane Bowers             0  0  0   0  0   0  1  0  0  0  1/2     8:13   0:00   0:03 
Timothy Liljegren        0  0  0   1  0   4  1  2  0  1  0/0    22:09   2:37   2:29 
Tyce Thompson            0  0  0   0  0   0  0  0  0  0  0/0     8:10   0:00   0:00 
Viktor Baldayev          0  0  0   1  0   1  2  2  0  1  0/0    21:25   0:00   3:28 

3 Stars

1 - Brandon Halverson (Cha)
2 - Nathan Walker (Cha)
3 - Brendan Leipsic (Cha)

Power Play

Comets - 0 on 3 Attempt(s) - 0.00%
Checkers - 0 on 2 Attempt(s) - 0.00%

Penalty Kill

Comets - 2 on 2 Attempt(s) - 100.00% - Score 0 goal in Penalty Kill
Checkers - 3 on 3 Attempt(s) - 100.00% - Score 0 goal in Penalty Kill

Team Stat

Comets - Hits : 15 - Faceoff Wins : 32 - Blocked Shots : 10 - Penalty Minutes : 4
Checkers - Hits : 20 - Faceoff Wins : 28 - Blocked Shots : 6 - Penalty Minutes : 6

Official

Referees : Mitch Dunning and Marc Joannette
Linesman : Tony Sericolo and Derek Nansen

Game Notes

No Game Note

Finance

Level 1 -- Attendance: 1844 (92.20%) -- Ticket Income $129,080
Level 2 -- Attendance: 956 (95.60%) -- Ticket Income $38,240
Total Attendance: 2800 (93.33%)
Total Ticket Income: $167,320
Other Income: $8,366
Total Income: $175,686

Comets

5 vs 5 Forward 
   Center                   Left Wing                Right Wing               Time % Phy DF OF 
 1 Brett Seney              Valeri Nichushkin        Joonas Donskoi           35     0   2  3  
 2 Brett Howden             Mason Marchment          Conor Garland            30     0   2  3  
 3 John Hayden              Eeli Tolvanen            Alexandre Texier         25     0   2  3  
 4 Nicolas Roy              Alex Turcotte            David Kase               10     0   2  3  

5 vs 5 Defense 
   Defense                  Defense                                           Time % Phy DF OF 
 1 Ilya Lyubushkin          Christian Wolanin                                 36     0   3  2  
 2 Jake Bean                Wyatt Kalynuk                                     34     0   3  2  
 3 Marcus Bjork             Vincent Desharnais                                30     0   3  2  
 4 Filip Roos               Ilya Lyubushkin                                   0      0   3  2  

PowerPlay Forward 
   Center                   Left Wing                Right Wing               Time % Phy DF OF 
 1 Brett Seney              Valeri Nichushkin        Joonas Donskoi           60     0   1  4  
 2 Brett Howden             Mason Marchment          Conor Garland            40     0   1  4  

PowerPlay Defense
   Defense                  Defense                                           Time % Phy DF OF 
 1 Ilya Lyubushkin          Christian Wolanin                                 60     0   2  3  
 2 Jake Bean                Wyatt Kalynuk                                     40     0   2  3  

Penalty Kill 4 Players Forward 
   Center                   Wing                     Time % Phy DF OF 
 1 Brett Seney              Valeri Nichushkin        60     1   3  1  
 2 Brett Howden             Mason Marchment          40     1   3  1  

Penalty Kill 4 Players Defense
   Defense                  Defense                  Time % Phy DF OF 
 1 Ilya Lyubushkin          Christian Wolanin        60     1   4  0  
 2 Jake Bean                Wyatt Kalynuk            40     1   4  0  

Penalty Kill - 3 Players Forward 
   Forward                                           Time % Phy DF OF 
 1 Brett Seney                                       60     1   3  1  
 2 Brett Howden                                      40     1   3  1  

Penalty Kill - 3 Players Defense
   Defense                  Defense                  Time % Phy DF OF 
 1 Ilya Lyubushkin          Christian Wolanin        60     1   4  0  
 2 Jake Bean                Wyatt Kalynuk            40     1   4  0  

4 vs 4 Forward 
   Center                   Wing                     Time % Phy DF OF 
 1 Brett Seney              Valeri Nichushkin        60     0   2  3  
 2 Brett Howden             Mason Marchment          40     0   2  3  

4 vs 4 Defense
   Defense                  Defense                  Time % Phy DF OF 
 1 Ilya Lyubushkin          Christian Wolanin        60     0   3  2  
 2 Jake Bean                Wyatt Kalynuk            40     0   3  2  

Last Minutes Offensive
   Center                   Left Wing                Right Wing               Defense                  Defense                  
   Brett Seney              Valeri Nichushkin        Conor Garland            Ilya Lyubushkin          Christian Wolanin        

Last Minutes Defensive
   Center                   Left Wing                Right Wing               Defense                  Defense                  
   Brett Seney              Valeri Nichushkin        Conor Garland            Ilya Lyubushkin          Christian Wolanin        

Goaltenders
Starting : Juuse Saros              
Backup : Akira Schmid             

Extra Forwards
Normal : Mason Marchment, Brett Howden, Alexandre Texier - PP : Mason Marchment, Brett Howden - PK : Mason Marchment
Extra Defensemen
Normal : Marcus Bjork, Vincent Desharnais, Filip Roos - PP : Marcus Bjork - PK : Marcus Bjork, Vincent Desharnais
Penalty Shots
Valeri Nichushkin, Conor Garland, Brett Seney, Joonas Donskoi, Mason Marchment
Custom OT Lines Forwards
Valeri Nichushkin, Conor Garland, Brett Seney, Joonas Donskoi, Mason Marchment, Brett Howden, Alexandre Texier, Eeli Tolvanen, John Hayden, Nicolas Roy
Custom OT Lines Defensemen
Ilya Lyubushkin, Christian Wolanin, Jake Bean, Wyatt Kalynuk, Marcus Bjork

Scratches
Cristiano Digiacinto (Healthy), Nikita Nesterenko (Healthy), Graeme Clarke (Healthy)

Checkers

5 vs 5 Forward 
   Center                   Left Wing                Right Wing               Time % Phy DF OF 
 1 Dylan Gambrell           Nathan Walker            Patrick Brown            40     0   2  3  
 2 Nick Abruzzese           Matias Maccelli          Kieffer Bellows          30     0   2  3  
 3 Mitchell Heard           Brendan Leipsic          Austin Poganski          20     0   2  3  
 4 Shane Bowers             Roberts Lipsbergs        Tyce Thompson            10     0   2  3  

5 vs 5 Defense 
   Defense                  Defense                                           Time % Phy DF OF 
 1 Timothy Liljegren        Ryan Pulock                                       40     0   2  3  
 2 Viktor Baldayev          Alexander Romanov                                 30     0   2  3  
 3 Moritz Seider            Michael Anderson                                  20     0   2  3  
 4 Timothy Liljegren        Ryan Pulock                                       10     0   2  3  

PowerPlay Forward 
   Center                   Left Wing                Right Wing               Time % Phy DF OF 
 1 Dylan Gambrell           Nathan Walker            Patrick Brown            60     0   1  4  
 2 Nick Abruzzese           Matias Maccelli          Kieffer Bellows          40     0   1  4  

PowerPlay Defense
   Defense                  Defense                                           Time % Phy DF OF 
 1 Timothy Liljegren        Ryan Pulock                                       60     0   2  3  
 2 Moritz Seider            Michael Anderson                                  40     0   2  3  

Penalty Kill 4 Players Forward 
   Center                   Wing                     Time % Phy DF OF 
 1 Mitchell Heard           Patrick Brown            60     1   3  1  
 2 Dylan Gambrell           Nathan Walker            40     1   3  1  

Penalty Kill 4 Players Defense
   Defense                  Defense                  Time % Phy DF OF 
 1 Viktor Baldayev          Ryan Pulock              60     1   4  0  
 2 Timothy Liljegren        Michael Anderson         40     1   4  0  

Penalty Kill - 3 Players Forward 
   Forward                                           Time % Phy DF OF 
 1 Mitchell Heard                                    60     1   3  1  
 2 Patrick Brown                                     40     1   3  1  

Penalty Kill - 3 Players Defense
   Defense                  Defense                  Time % Phy DF OF 
 1 Viktor Baldayev          Ryan Pulock              60     1   4  0  
 2 Timothy Liljegren        Michael Anderson         40     1   4  0  

4 vs 4 Forward 
   Center                   Wing                     Time % Phy DF OF 
 1 Dylan Gambrell           Matias Maccelli          60     0   2  3  
 2 Nick Abruzzese           Nathan Walker            40     0   2  3  

4 vs 4 Defense
   Defense                  Defense                  Time % Phy DF OF 
 1 Timothy Liljegren        Ryan Pulock              60     0   2  3  
 2 Viktor Baldayev          Alexander Romanov        40     0   2  3  

Last Minutes Offensive
   Center                   Left Wing                Right Wing               Defense                  Defense                  
   Dylan Gambrell           Nathan Walker            Patrick Brown            Timothy Liljegren        Ryan Pulock              

Last Minutes Defensive
   Center                   Left Wing                Right Wing               Defense                  Defense                  
   Dylan Gambrell           Nathan Walker            Patrick Brown            Viktor Baldayev          Ryan Pulock              

Goaltenders
Starting : Brandon Halverson        
Backup : Joseph Woll              

Extra Forwards
Normal : Matias Maccelli, Nathan Walker, Dylan Gambrell - PP : Nathan Walker, Matias Maccelli - PK : Austin Poganski
Extra Defensemen
Normal : Michael Anderson, Timothy Liljegren, Ryan Pulock - PP : Moritz Seider - PK : Timothy Liljegren, Viktor Baldayev
Penalty Shots
Matias Maccelli, Dylan Gambrell, Nathan Walker, Patrick Brown, Nick Abruzzese
Custom OT Lines Forwards
Patrick Brown, Dylan Gambrell, Nathan Walker, Matias Maccelli, Mitchell Heard, Roberts Lipsbergs, Austin Poganski, Kieffer Bellows, Nick Abruzzese, Brendan Leipsic
Custom OT Lines Defensemen
Timothy Liljegren, Ryan Pulock, Viktor Baldayev, Michael Anderson, Alexander Romanov

Scratches
Brett Pollock (Healthy), Jordan Harris (Healthy), Jared McIsaac (Healthy), Mikhail Abramov (Healthy), Mattias Norlinder (Healthy)
Nathan Legare (Healthy), Arvid Soderblom (Healthy), Kirill Ustimenko (Healthy)

% Time on Ice - Comets

Lines # - Real PCT - Wanted PCT - Time Play
Normal Forward
1 - 31% - 35% - 15:11
2 - 26% - 30% - 12:54
3 - 25% - 25% - 12:14
4 - 18% - 10% - 8:35
Normal Defense
1 - 33% - 36% - 16:20
2 - 33% - 34% - 15:59
3 - 29% - 30% - 14:06
4 - 5% - 0% - 2:29
PP Forward
1 - 54% - 60% - 3:14
2 - 46% - 40% - 2:43
PP Defense
1 - 63% - 60% - 3:46
2 - 37% - 40% - 2:11
PK Forward
1 - 84% - 60% - 3:20
2 - 16% - 40% - 0:38
PK Defense
1 - 56% - 60% - 2:13
2 - 44% - 40% - 1:45
PK3 Forward
1 - 0% - 60%
2 - 0% - 40%
PK3 Defense
1 - 0% - 60%
2 - 0% - 40%
44 Forward
1 - 0% - 60%
2 - 0% - 40%
44 Defense
1 - 0% - 60%
2 - 0% - 40%
Last Minute Offensive  - 1:11
Last Minute Defensive  - 0:00
Total
Forward - 60:00
Defense - 60:00

% Time on Ice - Checkers

Lines # - Real PCT - Wanted PCT - Time Play
Normal Forward
1 - 35% - 40% - 16:56
2 - 29% - 30% - 14:01
3 - 20% - 20% - 9:47
4 - 17% - 10% - 8:10
Normal Defense
1 - 35% - 40% - 17:12
2 - 31% - 30% - 14:55
3 - 32% - 20% - 15:42
4 - 2% - 10% - 1:05
PP Forward
1 - 58% - 60% - 2:18
2 - 42% - 40% - 1:40
PP Defense
1 - 66% - 60% - 2:37
2 - 34% - 40% - 1:21
PK Forward
1 - 88% - 60% - 5:13
2 - 12% - 40% - 0:44
PK Defense
1 - 58% - 60% - 3:28
2 - 42% - 40% - 2:29
PK3 Forward
1 - 0% - 60%
2 - 0% - 40%
PK3 Defense
1 - 0% - 60%
2 - 0% - 40%
44 Forward
1 - 0% - 60%
2 - 0% - 40%
44 Defense
1 - 0% - 60%
2 - 0% - 40%
Last Minute Offensive  - 0:00
Last Minute Defensive  - 1:11
Total
Forward - 60:00
Defense - 60:00

Play-by-Play

1st period


0:01 of 1st period - Patrick Brown wins face-off versus Brett Seney in neutral zone.
0:08 of 1st period - Snap shot by Nathan Walker.
0:08 of 1st period - Goal by Nathan Walker - Comets : 0 - Checkers : 1.
0:09 of 1st period - Nick Abruzzese wins face-off versus Brett Howden in neutral zone.
0:39 of 1st period - Off-side.
0:40 of 1st period - John Hayden wins face-off versus Nathan Walker in neutral zone.
0:47 of 1st period - Slapshot by Eeli Tolvanen.
0:47 of 1st period - Deflect By John Hayden.
0:47 of 1st period - Shot Misses the Net.
0:47 of 1st period - Puck is out of play.
0:48 of 1st period - Dylan Gambrell wins face-off versus Brett Seney in Checkers zone.
1:01 of 1st period - Wrist shot by Patrick Brown.
1:01 of 1st period - Shot Misses the Net.
1:03 of 1st period - Slapshot by Patrick Brown.
1:03 of 1st period - Stopped by Juuse Saros with a rebound.
1:10 of 1st period - Icing by Marcus Bjork.
1:11 of 1st period - Nicolas Roy wins face-off versus Roberts Lipsbergs in Comets zone.
1:25 of 1st period - Snap shot by Nicolas Roy.
1:25 of 1st period - Deflect By Alex Turcotte.
1:25 of 1st period - Shot Misses the Net.
1:25 of 1st period - Puck is out of play.
1:26 of 1st period - John Hayden wins face-off versus Mitchell Heard in Checkers zone.
2:24 of 1st period - Slapshot by John Hayden.
2:24 of 1st period - Stopped by Brandon Halverson with a rebound.
2:30 of 1st period - Wrist shot by John Hayden.
2:30 of 1st period - Stopped by Brandon Halverson without a rebound.
2:31 of 1st period - Brett Seney wins face-off versus Nick Abruzzese in Checkers zone.
2:32 of 1st period - Slapshot by Valeri Nichushkin.
2:32 of 1st period - Shot Misses the Net.
2:34 of 1st period - Slapshot by Ilya Lyubushkin.
2:34 of 1st period - Shot Blocked by Viktor Baldayev.
2:42 of 1st period - Wrist shot by Nick Abruzzese.
2:42 of 1st period - Stopped by Juuse Saros without a rebound.
2:43 of 1st period - Nick Abruzzese wins face-off versus Brett Howden in Comets zone.
3:49 of 1st period - Slapshot by Christian Wolanin.
3:49 of 1st period - Shot Blocked by Timothy Liljegren.
3:51 of 1st period - Snap shot by Ilya Lyubushkin.
3:51 of 1st period - Stopped by Brandon Halverson with a rebound.
3:53 of 1st period - Wrist shot by Brett Howden.
3:53 of 1st period - Shot Misses the Net.
4:10 of 1st period - Brett Seney is hit by Kieffer Bellows and loses puck.
4:31 of 1st period - Ryan Pulock is hit by Eeli Tolvanen and loses puck.
4:38 of 1st period - Wrist shot by Austin Poganski.
4:38 of 1st period - Shot Blocked by Marcus Bjork.
4:52 of 1st period - Wrist shot by David Kase.
4:52 of 1st period - Stopped by Brandon Halverson without a rebound.
4:53 of 1st period - Nicolas Roy wins face-off versus Matias Maccelli in Checkers zone.
5:02 of 1st period - Slapshot by Nicolas Roy.
5:02 of 1st period - Shot Misses the Net.
5:18 of 1st period - Jake Bean is hit by Nathan Walker and loses puck.
5:23 of 1st period - Snap shot by Dylan Gambrell.
5:23 of 1st period - Stopped by Juuse Saros with a rebound.
5:42 of 1st period - Wrist shot by Mason Marchment.
5:42 of 1st period - Stopped by Brandon Halverson with a rebound.
6:06 of 1st period - Wrist shot by Eeli Tolvanen.
6:06 of 1st period - Deflect By Alexandre Texier.
6:06 of 1st period - Stopped by Brandon Halverson with a rebound.
6:08 of 1st period - Wrist shot by Christian Wolanin.
6:08 of 1st period - Stopped by Brandon Halverson with a rebound.
6:58 of 1st period - Valeri Nichushkin is hit by Kieffer Bellows and loses puck.
7:19 of 1st period - Snap shot by Matias Maccelli.
7:19 of 1st period - Shot Misses the Net.
7:21 of 1st period - Slapshot by Viktor Baldayev.
7:21 of 1st period - Shot Blocked by Joonas Donskoi.
7:23 of 1st period - Slapshot by Alexander Romanov.
7:23 of 1st period - Deflect By Kieffer Bellows.
7:23 of 1st period - Shot Misses the Net.
7:23 of 1st period - Puck is out of play.
7:24 of 1st period - Dylan Gambrell wins face-off versus Brett Howden in Comets zone.
7:27 of 1st period - Snap shot by Nathan Walker.
7:27 of 1st period - Stopped by Juuse Saros with a rebound.
7:29 of 1st period - Slapshot by Timothy Liljegren.
7:29 of 1st period - Stopped by Juuse Saros with a rebound.
7:49 of 1st period - Austin Poganski is hit by Eeli Tolvanen and loses puck.
8:12 of 1st period - Wrist shot by Roberts Lipsbergs.
8:12 of 1st period - Shot Misses the Net.
8:14 of 1st period - Slapshot by Timothy Liljegren.
8:14 of 1st period - Shot Blocked by Wyatt Kalynuk.
8:16 of 1st period - Slapshot by Shane Bowers.
8:16 of 1st period - Shot Misses the Net.
8:18 of 1st period - Slapshot by Timothy Liljegren.
8:18 of 1st period - Shot Misses the Net.
8:45 of 1st period - Alexandre Texier is hit by Ryan Pulock.
8:49 of 1st period - Slapshot by Jake Bean.
8:49 of 1st period - Deflect By Ryan Pulock.
8:49 of 1st period - Stopped by Brandon Halverson without a rebound.
8:50 of 1st period - Valeri Nichushkin wins face-off versus Dylan Gambrell in Checkers zone.
8:56 of 1st period - Snap shot by Christian Wolanin.
8:56 of 1st period - Deflect By Brett Seney.
8:56 of 1st period - Stopped by Brandon Halverson without a rebound.
8:57 of 1st period - Dylan Gambrell wins face-off versus Brett Seney in Checkers zone.
9:33 of 1st period - Matias Maccelli is hit by Mason Marchment and loses puck.
9:46 of 1st period - Slapshot by Brendan Leipsic.
9:46 of 1st period - Deflect By Mitchell Heard.
9:46 of 1st period - Stopped by Juuse Saros with a rebound.
10:04 of 1st period - Timothy Liljegren is hit by Joonas Donskoi and loses puck.
10:09 of 1st period - Snap shot by Joonas Donskoi.
10:09 of 1st period - Stopped by Brandon Halverson without a rebound.
10:10 of 1st period - Patrick Brown wins face-off versus Brett Seney in Checkers zone.
10:19 of 1st period - Wrist shot by Joonas Donskoi.
10:19 of 1st period - Shot Misses the Net.
10:45 of 1st period - Slapshot by Ryan Pulock.
10:45 of 1st period - Shot Blocked by Jake Bean.
11:18 of 1st period - Icing by Viktor Baldayev.
11:19 of 1st period - Nicolas Roy wins face-off versus Mitchell Heard in Checkers zone.
12:09 of 1st period - Wrist shot by Nathan Walker.
12:09 of 1st period - Shot Blocked by Vincent Desharnais.
12:24 of 1st period - Off-side.
12:25 of 1st period - John Hayden wins face-off versus Nick Abruzzese in neutral zone.
12:55 of 1st period - Slapshot by Dylan Gambrell.
12:55 of 1st period - Shot Misses the Net.
12:57 of 1st period - Minor Penalty to Joonas Donskoi for Roughing.
12:58 of 1st period - Brett Seney wins face-off versus Dylan Gambrell in Comets zone.
13:35 of 1st period - Wrist shot by Nick Abruzzese.
13:35 of 1st period - Stopped by Juuse Saros with a rebound.
13:37 of 1st period - Slapshot by Ryan Pulock.
13:37 of 1st period - Shot Misses the Net.
14:57 of 1st period - Penalty to Joonas Donskoi is over, Joonas Donskoi is back on ice.
16:02 of 1st period - Wrist shot by John Hayden.
16:02 of 1st period - Shot Misses the Net.
16:04 of 1st period - Backhand shot by Alexandre Texier.
16:04 of 1st period - Stopped by Brandon Halverson with a rebound.
16:16 of 1st period - Roberts Lipsbergs is hit by Ilya Lyubushkin and loses puck.
16:41 of 1st period - Slapshot by Ilya Lyubushkin.
16:41 of 1st period - Shot Misses the Net.
16:43 of 1st period - Slapshot by Ilya Lyubushkin.
16:43 of 1st period - Deflect By David Kase.
16:43 of 1st period - Stopped by Brandon Halverson with a rebound.
16:45 of 1st period - Slapshot by Ilya Lyubushkin.
16:45 of 1st period - Shot Blocked by Viktor Baldayev.
16:47 of 1st period - Snap shot by Christian Wolanin.
16:47 of 1st period - Deflect By Dylan Gambrell.
16:47 of 1st period - Stopped by Brandon Halverson with a rebound.
16:49 of 1st period - Snap shot by Christian Wolanin.
16:49 of 1st period - Stopped by Brandon Halverson with a rebound.
17:20 of 1st period - Mitchell Heard is hit by Jake Bean and loses puck.
18:33 of 1st period - Snap shot by Valeri Nichushkin.
18:33 of 1st period - Shot Misses the Net.
19:01 of 1st period - Slapshot by Jake Bean.
19:01 of 1st period - Shot Misses the Net.
19:21 of 1st period - Minor Penalty to Alexander Romanov for Roughing.
19:22 of 1st period - Mitchell Heard wins face-off versus Brett Seney in Checkers zone.
19:54 of 1st period - Icing by Ilya Lyubushkin.
19:55 of 1st period - Brett Howden wins face-off versus Mitchell Heard in Comets zone.
Goals for this period are 0 for Comets vs 1 for Checkers.
Shots for this period are 14 for Comets vs 8 for Checkers.

2nd period


0:01 of 2nd period - Brett Seney wins face-off versus Mitchell Heard in neutral zone.
1:11 of 2nd period - Slapshot by Ilya Lyubushkin.
1:11 of 2nd period - Deflect By Joonas Donskoi.
1:11 of 2nd period - Shot Blocked by Timothy Liljegren.
1:11 of 2nd period - Puck is out of play.
1:12 of 2nd period - Brett Seney wins face-off versus Mitchell Heard in Checkers zone.
1:21 of 2nd period - Penalty to Alexander Romanov is over, Alexander Romanov is back on ice.
1:39 of 2nd period - Ryan Pulock is hit by Jake Bean and loses puck.
1:56 of 2nd period - Wrist shot by Nicolas Roy.
1:56 of 2nd period - Stopped by Brandon Halverson with a rebound.
2:18 of 2nd period - Conor Garland is hit by Viktor Baldayev and loses puck.
2:42 of 2nd period - Snap shot by Brett Seney.
2:42 of 2nd period - Shot Misses the Net.
3:02 of 2nd period - Wrist shot by Christian Wolanin.
3:02 of 2nd period - Goal by Christian Wolanin - Comets : 1 - Checkers : 1.
3:03 of 2nd period - Patrick Brown wins face-off versus Brett Seney in neutral zone.
4:00 of 2nd period - Slapshot by Brendan Leipsic.
4:00 of 2nd period - Shot Misses the Net.
4:44 of 2nd period - Wrist shot by Patrick Brown.
4:44 of 2nd period - Stopped by Juuse Saros with a rebound.
4:46 of 2nd period - Slapshot by Timothy Liljegren.
4:46 of 2nd period - Stopped by Juuse Saros with a rebound.
4:59 of 2nd period - Off-side.
5:00 of 2nd period - Kieffer Bellows wins face-off versus Alex Turcotte in neutral zone.
5:03 of 2nd period - Christian Wolanin is hit by Nick Abruzzese and loses puck.
5:08 of 2nd period - Snap shot by Nick Abruzzese.
5:08 of 2nd period - Stopped by Juuse Saros with a rebound.
5:10 of 2nd period - Slapshot by Alexander Romanov.
5:10 of 2nd period - Stopped by Juuse Saros without a rebound.
5:11 of 2nd period - Brett Seney wins face-off versus Dylan Gambrell in Comets zone.
5:16 of 2nd period - Wrist shot by Joonas Donskoi.
5:16 of 2nd period - Stopped by Brandon Halverson with a rebound.
5:18 of 2nd period - Wrist shot by Joonas Donskoi.
5:18 of 2nd period - Shot Misses the Net.
5:20 of 2nd period - Slapshot by Ilya Lyubushkin.
5:20 of 2nd period - Deflect By Joonas Donskoi.
5:20 of 2nd period - Shot Misses the Net.
5:20 of 2nd period - Puck is out of play.
5:21 of 2nd period - Brett Seney wins face-off versus Dylan Gambrell in Checkers zone.
5:28 of 2nd period - Snap shot by Valeri Nichushkin.
5:28 of 2nd period - Shot Misses the Net.
5:50 of 2nd period - Snap shot by Brett Seney.
5:50 of 2nd period - Stopped by Brandon Halverson without a rebound.
5:51 of 2nd period - Brett Howden wins face-off versus Nick Abruzzese in Checkers zone.
5:56 of 2nd period - Wrist shot by Brett Howden.
5:56 of 2nd period - Stopped by Brandon Halverson with a rebound.
5:58 of 2nd period - Slapshot by Wyatt Kalynuk.
5:58 of 2nd period - Stopped by Brandon Halverson without a rebound.
5:59 of 2nd period - Brett Howden wins face-off versus Matias Maccelli in Checkers zone.
6:06 of 2nd period - Wrist shot by Conor Garland.
6:06 of 2nd period - Shot Blocked by Michael Anderson.
6:48 of 2nd period - Snap shot by Nathan Walker.
6:48 of 2nd period - Stopped by Juuse Saros with a rebound.
6:50 of 2nd period - Slapshot by Moritz Seider.
6:50 of 2nd period - Stopped by Juuse Saros with a rebound.
6:52 of 2nd period - Snap shot by Nathan Walker.
6:52 of 2nd period - Shot Blocked by Valeri Nichushkin.
6:54 of 2nd period - Snap shot by Dylan Gambrell.
6:54 of 2nd period - Shot Misses the Net.
6:56 of 2nd period - Wrist shot by Dylan Gambrell.
6:56 of 2nd period - Shot Misses the Net.
7:07 of 2nd period - Off-side.
7:08 of 2nd period - Brett Howden wins face-off versus Shane Bowers in neutral zone.
7:17 of 2nd period - Slapshot by Timothy Liljegren.
7:17 of 2nd period - Stopped by Juuse Saros without a rebound.
7:18 of 2nd period - Dylan Gambrell wins face-off versus Brett Seney in Comets zone.
7:35 of 2nd period - Joonas Donskoi is hit by Dylan Gambrell and loses puck.
8:36 of 2nd period - Snap shot by Patrick Brown.
8:36 of 2nd period - Stopped by Juuse Saros with a rebound.
8:48 of 2nd period - Tyce Thompson is hit by Christian Wolanin and loses puck.
9:35 of 2nd period - Mitchell Heard is hit by John Hayden and loses puck.
9:58 of 2nd period - Moritz Seider is hit by Jake Bean and loses puck.
10:49 of 2nd period - Alexandre Texier is hit by Mitchell Heard and loses puck.
10:54 of 2nd period - Snap shot by Brendan Leipsic.
10:54 of 2nd period - Goal by Brendan Leipsic - Comets : 1 - Checkers : 2.
10:55 of 2nd period - Brett Seney wins face-off versus Dylan Gambrell in neutral zone.
11:04 of 2nd period - Icing by Ryan Pulock.
11:05 of 2nd period - Dylan Gambrell wins face-off versus Brett Seney in Checkers zone.
11:47 of 2nd period - Slapshot by Nathan Walker.
11:47 of 2nd period - Shot Blocked by Wyatt Kalynuk.
11:49 of 2nd period - Wrist shot by Patrick Brown.
11:49 of 2nd period - Shot Misses the Net.
11:51 of 2nd period - Slapshot by Ryan Pulock.
11:51 of 2nd period - Shot Blocked by Brett Seney.
12:03 of 2nd period - Snap shot by Patrick Brown.
12:03 of 2nd period - Shot Misses the Net.
12:05 of 2nd period - Wrist shot by Dylan Gambrell.
12:05 of 2nd period - Shot Blocked by Brett Seney.
12:09 of 2nd period - Slapshot by Timothy Liljegren.
12:09 of 2nd period - Deflect By Valeri Nichushkin.
12:09 of 2nd period - Stopped by Juuse Saros with a rebound.
12:11 of 2nd period - Backhand shot by Dylan Gambrell.
12:11 of 2nd period - Stopped by Juuse Saros without a rebound.
12:12 of 2nd period - Brett Howden wins face-off versus Matias Maccelli in Comets zone.
12:12 of 2nd period - Brett Howden is hit by Viktor Baldayev.
12:20 of 2nd period - Snap shot by Ilya Lyubushkin.
12:20 of 2nd period - Stopped by Brandon Halverson with a rebound.
12:24 of 2nd period - Snap shot by Brett Howden.
12:24 of 2nd period - Shot Misses the Net.
12:26 of 2nd period - Snap shot by Mason Marchment.
12:26 of 2nd period - Shot Misses the Net.
12:28 of 2nd period - Snap shot by Ilya Lyubushkin.
12:28 of 2nd period - Shot Blocked by Alexander Romanov.
12:53 of 2nd period - Slapshot by Matias Maccelli.
12:53 of 2nd period - Stopped by Juuse Saros with a rebound.
12:55 of 2nd period - Wrist shot by Alexander Romanov.
12:55 of 2nd period - Deflect By Kieffer Bellows.
12:55 of 2nd period - Shot Misses the Net.
12:55 of 2nd period - Puck is out of play.
12:56 of 2nd period - Brett Howden wins face-off versus Mitchell Heard in Comets zone.
13:03 of 2nd period - Slapshot by Marcus Bjork.
13:03 of 2nd period - Stopped by Brandon Halverson without a rebound.
13:04 of 2nd period - Mitchell Heard wins face-off versus Brett Howden in Checkers zone.
13:29 of 2nd period - Valeri Nichushkin is hit by Nathan Walker and loses puck.
14:34 of 2nd period - Icing by Brett Howden.
14:35 of 2nd period - Nick Abruzzese wins face-off versus Brett Howden in Comets zone.
14:36 of 2nd period - Slapshot by Matias Maccelli.
14:36 of 2nd period - Shot Misses the Net.
14:42 of 2nd period - Slapshot by Matias Maccelli.
14:42 of 2nd period - Stopped by Juuse Saros with a rebound.
15:04 of 2nd period - Wrist shot by Mitchell Heard.
15:04 of 2nd period - Shot Blocked by Christian Wolanin.
15:06 of 2nd period - Slapshot by Viktor Baldayev.
15:06 of 2nd period - Deflect By Mason Marchment.
15:06 of 2nd period - Stopped by Juuse Saros with a rebound.
15:08 of 2nd period - Snap shot by Austin Poganski.
15:08 of 2nd period - Stopped by Juuse Saros with a rebound.
15:51 of 2nd period - Snap shot by Nathan Walker.
15:51 of 2nd period - Deflect By Dylan Gambrell.
15:51 of 2nd period - Shot Hit the Post.
15:51 of 2nd period - Puck is out of play.
15:52 of 2nd period - Brett Seney wins face-off versus Dylan Gambrell in Comets zone.
16:20 of 2nd period - Snap shot by Alexandre Texier.
16:20 of 2nd period - Stopped by Brandon Halverson with a rebound.
17:23 of 2nd period - Slapshot by Alexandre Texier.
17:23 of 2nd period - Shot Misses the Net.
17:25 of 2nd period - Wrist shot by Wyatt Kalynuk.
17:25 of 2nd period - Shot Misses the Net.
17:34 of 2nd period - Off-side.
17:35 of 2nd period - Nicolas Roy wins face-off versus Nick Abruzzese in neutral zone.
17:40 of 2nd period - Nick Abruzzese is hit by Nicolas Roy and loses puck.
18:10 of 2nd period - Off-side.
18:11 of 2nd period - Dylan Gambrell wins face-off versus Brett Howden in neutral zone.
18:21 of 2nd period - Wrist shot by Nathan Walker.
18:21 of 2nd period - Stopped by Juuse Saros without a rebound.
18:22 of 2nd period - Brett Seney wins face-off versus Dylan Gambrell in Comets zone.
18:22 of 2nd period - Brett Seney is hit by Dylan Gambrell.
18:31 of 2nd period - Minor Penalty to Nathan Walker for Slashing.
18:32 of 2nd period - Mitchell Heard wins face-off versus Valeri Nichushkin in Checkers zone.
18:37 of 2nd period - Icing by Christian Wolanin.
18:38 of 2nd period - Mitchell Heard wins face-off versus Brett Seney in Comets zone.
Goals for this period are 1 for Comets vs 1 for Checkers.
Shots for this period are 9 for Comets vs 16 for Checkers.

3rd period


0:01 of 3rd period - Brett Seney wins face-off versus Mitchell Heard in neutral zone.
0:10 of 3rd period - Snap shot by Brett Seney.
0:10 of 3rd period - Deflect By Joonas Donskoi.
0:10 of 3rd period - Stopped by Brandon Halverson with a rebound.
0:31 of 3rd period - Penalty to Nathan Walker is over, Nathan Walker is back on ice.
0:34 of 3rd period - Ryan Pulock is hit by Conor Garland and loses puck.
0:53 of 3rd period - Slapshot by Dylan Gambrell.
0:53 of 3rd period - Deflect By Nathan Walker.
0:53 of 3rd period - Shot Misses the Net.
0:53 of 3rd period - Puck is out of play.
0:54 of 3rd period - Nick Abruzzese wins face-off versus Brett Seney in Comets zone.
0:59 of 3rd period - Wrist shot by Nick Abruzzese.
0:59 of 3rd period - Deflect By Matias Maccelli.
0:59 of 3rd period - Stopped by Juuse Saros without a rebound.
1:00 of 3rd period - Nick Abruzzese wins face-off versus Brett Seney in Comets zone.
1:10 of 3rd period - Off-side.
1:11 of 3rd period - Valeri Nichushkin wins face-off versus Patrick Brown in neutral zone.
1:36 of 3rd period - Joonas Donskoi is hit by Timothy Liljegren and loses puck.
2:08 of 3rd period - Snap shot by Matias Maccelli.
2:08 of 3rd period - Deflect By Brett Howden.
2:08 of 3rd period - Stopped by Juuse Saros with a rebound.
2:31 of 3rd period - Slapshot by Jake Bean.
2:31 of 3rd period - Stopped by Brandon Halverson without a rebound.
2:32 of 3rd period - John Hayden wins face-off versus Dylan Gambrell in Checkers zone.
2:35 of 3rd period - Snap shot by John Hayden.
2:35 of 3rd period - Stopped by Brandon Halverson with a rebound.
3:36 of 3rd period - Wrist shot by Nathan Walker.
3:36 of 3rd period - Shot Misses the Net.
3:52 of 3rd period - Icing by Michael Anderson.
3:53 of 3rd period - Brett Howden wins face-off versus Dylan Gambrell in Checkers zone.
4:41 of 3rd period - Minor Penalty to Mitchell Heard for Hooking.
4:42 of 3rd period - Austin Poganski wins face-off versus Brett Seney in Checkers zone.
6:41 of 3rd period - Penalty to Mitchell Heard is over, Mitchell Heard is back on ice.
6:54 of 3rd period - Eeli Tolvanen is hit by Michael Anderson and loses puck.
7:13 of 3rd period - Alexander Romanov is hit by Marcus Bjork and loses puck.
8:56 of 3rd period - Eeli Tolvanen is hit by Shane Bowers.
9:28 of 3rd period - Vincent Desharnais is hit by Mitchell Heard.
9:36 of 3rd period - Slapshot by Mitchell Heard.
9:36 of 3rd period - Stopped by Juuse Saros without a rebound.
9:37 of 3rd period - Dylan Gambrell wins face-off versus Nicolas Roy in Comets zone.
9:52 of 3rd period - Slapshot by David Kase.
9:52 of 3rd period - Stopped by Brandon Halverson with a rebound.
10:08 of 3rd period - Snap shot by Brendan Leipsic.
10:08 of 3rd period - Shot Misses the Net.
11:11 of 3rd period - Wrist shot by Joonas Donskoi.
11:11 of 3rd period - Stopped by Brandon Halverson with a rebound.
11:13 of 3rd period - Snap shot by Joonas Donskoi.
11:13 of 3rd period - Stopped by Brandon Halverson without a rebound.
11:14 of 3rd period - Dylan Gambrell wins face-off versus Mason Marchment in Checkers zone.
11:22 of 3rd period - Off-side.
11:23 of 3rd period - Mason Marchment wins face-off versus Dylan Gambrell in neutral zone.
11:25 of 3rd period - Off-side.
11:26 of 3rd period - Dylan Gambrell wins face-off versus Brett Seney in neutral zone.
11:37 of 3rd period - Valeri Nichushkin is hit by Nathan Walker.
11:52 of 3rd period - Nick Abruzzese is hit by John Hayden and loses puck.
12:03 of 3rd period - Wrist shot by Alexandre Texier.
12:03 of 3rd period - Shot Misses the Net.
12:43 of 3rd period - Wrist shot by Michael Anderson.
12:43 of 3rd period - Stopped by Juuse Saros with a rebound.
12:45 of 3rd period - Snap shot by Moritz Seider.
12:45 of 3rd period - Shot Misses the Net.
12:47 of 3rd period - Wrist shot by Nathan Walker.
12:47 of 3rd period - Stopped by Juuse Saros without a rebound.
12:48 of 3rd period - Brett Seney wins face-off versus Nick Abruzzese in Comets zone.
13:36 of 3rd period - Off-side.
13:37 of 3rd period - Shane Bowers wins face-off versus Nicolas Roy in neutral zone.
13:50 of 3rd period - Wrist shot by Roberts Lipsbergs.
13:50 of 3rd period - Stopped by Juuse Saros without a rebound.
13:51 of 3rd period - Nathan Walker wins face-off versus Brett Seney in Comets zone.
14:17 of 3rd period - Minor Penalty to Conor Garland for High sticking.
14:18 of 3rd period - Brett Seney wins face-off versus Dylan Gambrell in Comets zone.
14:18 of 3rd period - Brett Seney is hit by Nathan Walker.
16:12 of 3rd period - Wyatt Kalynuk is hit by Patrick Brown and loses puck.
16:17 of 3rd period - Penalty to Conor Garland is over, Conor Garland is back on ice.
16:29 of 3rd period - Mitchell Heard is hit by Jake Bean and loses puck.
16:38 of 3rd period - Jake Bean is hit by Austin Poganski and loses puck.
17:52 of 3rd period - Marcus Bjork is hit by Michael Anderson and loses puck.
18:26 of 3rd period - Icing by Conor Garland.
18:27 of 3rd period - Mitchell Heard wins face-off versus Conor Garland in Comets zone.
18:38 of 3rd period - Slapshot by Nathan Walker.
18:38 of 3rd period - Shot Misses the Net.
18:40 of 3rd period - Snap shot by Dylan Gambrell.
18:40 of 3rd period - Stopped by Juuse Saros without a rebound.
18:41 of 3rd period - Dylan Gambrell wins face-off versus Brett Seney in Comets zone.
18:48 of 3rd period - Snap shot by Nathan Walker.
18:48 of 3rd period - Stopped by Juuse Saros without a rebound.
18:49 of 3rd period - Larry Robinson call a timeout for Comets.
18:49 of 3rd period - Brett Seney wins face-off versus Dylan Gambrell in Comets zone.
19:00 of 3rd period - Comets, Juuse Saros is pulled from the net.
19:32 of 3rd period - Slapshot by Brett Seney.
19:32 of 3rd period - Deflect By Conor Garland.
19:32 of 3rd period - Stopped by Brandon Halverson without a rebound.
19:33 of 3rd period - Dylan Gambrell wins face-off versus Valeri Nichushkin in Checkers zone.
19:46 of 3rd period - Wrist shot by Brett Seney.
19:46 of 3rd period - Shot Misses the Net.
19:48 of 3rd period - Slapshot by Conor Garland.
19:48 of 3rd period - Stopped by Brandon Halverson without a rebound.
19:49 of 3rd period - Brett Seney wins face-off versus Dylan Gambrell in Checkers zone.
Goals for this period are 0 for Comets vs 0 for Checkers.
Shots for this period are 8 for Comets vs 8 for Checkers.